 Dungeon Crawl Stone Soup version 0.30-a0-808-g6e0788376e (webtiles) character file.

Game seed: 15532034780295990077

1187 Ceno the Reanimator (level 8, -3/36 HPs)
             Began as a Vine Stalker Necromancer on Feb 26, 2023.
             Was a Believer of Uskayaw.
             Slain by a hornet zombie (7 damage)
             ... on level 7 of the Dungeon.
             The game lasted 00:24:20 (6733 turns).

Ceno the Reanimator (Vine Stalker Necromancer)      Turns: 6733, Time: 00:24:20

Health: -3/36      AC:  5    Str: 17    XL:     8   Next: 43%
Magic:  0/17       EV: 11    Int: 17    God:    Uskayaw [**....]
Gold:   391        SH:  0    Dex: 15    Spells: 5/18 levels left

rFire   . . .      SeeInvis .    b - +1 short sword
rCold   . . .      Faith    .    (no shield)
rNeg    . . .      Spirit   +    w - +0 leather armour
rPois   .          Reflect  .    z - +0 helmet
rElec   .          Harm     .    (no cloak)
rCorr   +          Rampage  .    s - +0 pair of gloves
Will    +....                    (no boots)
Stlth   ++                       (no amulet)
HPRegen 1.06/turn                d - +6 ring of strength
MPRegen 0.15/turn                C - ring of resist corrosion

@: no status effects
A: fangs 3, regeneration 1, magic shield, antimagic bite, no potion heal 2
a: Renounce Religion, Stomp, Line Pass


You were on level 7 of the Dungeon.
You worshipped Uskayaw.
Uskayaw was noncommittal.
You visited 2 branches of the dungeon, and saw 8 of its levels.

You collected 391 gold pieces.

Inventory:

Hand Weapons
 a - a +0 dagger
 b - a +1 short sword (weapon)
Missiles
 c - 77 stones (quivered)
 l - 2 poisoned darts
 n - a throwing net
Armour
 s - a +0 pair of gloves (worn)
 w - a +0 leather armour (worn)
 z - a +0 helmet (worn)
Magical Staves
 q - a staff of death
Jewellery
 d - a +6 ring of strength (left hand)
 C - a ring of resist corrosion (right hand)
Scrolls
 g - a scroll of summoning {unknown}
 h - 2 scrolls of magic mapping
 m - a scroll of brand weapon {unknown}
 p - a scroll of torment
 t - a scroll of amnesia
 u - 2 scrolls of fog
 v - a scroll of enchant weapon
 x - a scroll of fear {unknown}
 E - 2 scrolls of teleportation
 G - a scroll of immolation {unknown}
 H - 2 scrolls of identify
 I - a scroll of poison {unknown}
Potions
 e - 2 potions of lignification
 f - a potion of cancellation {unknown}
 i - 4 potions of brilliance
 j - a potion of berserk rage {unknown}
 k - a potion of might {unknown}
 o - 2 potions of curing {unknown}
 r - 2 potions of haste {unknown}
 B - a potion of attraction {unknown}
 D - a potion of heal wounds {unknown}
 F - a potion of flight {unknown}


   Skills:
 + Level 3.4 Short Blades
 - Level 1.5 Dodging
 - Level 2.4 Stealth
 + Level 5.5 Spellcasting
 * Level 8.4 Necromancy


You had 5 spell levels left.
You knew the following spells:

 Your Spells              Type           Power      Damage    Failure   Level
a - Necrotise             Necr           100%       1d9       1%          1
b - Vampiric Draining     Necr           33%        2d8       1%          3
c - Animate Dead          Necr           33%        N/A       5%          4
d - Agony                 Necr           33%        N/A       14%         5

Your spell library contained the following spells:

 Spells                   Type           Power      Damage    Failure   Level
 Iskenderun's Battlesphe  Conj           4%         2d6       99%         5
 Iron Shot                Conj/Erth      2%         9d2       100%        6
 Spellforged Servitor     Conj/Summ      2%         N/A       100%        7


Dungeon Overview and Level Annotations

Branches:
Dungeon (7/15)             Temple (1/1) D:6

Altars:
Ashenzari
Cheibriados
Dithmenos
Fedhas
Gozag
Kikubaaqudgha
Makhleb
Nemelex Xobeh
Okawaru
Qazlal
Ru
Sif Muna
Trog
Uskayaw
Vehumet
Xom
Yredelemnul
Zin
The Shining One

Shops:
D:4 ?

Annotations:
D:4 1 runed translucent door, exclusions: 2 doors, ice beast and 2 orc priests, Crazy Yiuf


Innate Abilities, Weirdness & Mutations

You have razor-sharp teeth.
Your natural rate of healing is unusually fast.
When hurt, damage is shared between your health and your magic reserves.
Your bite disrupts and absorbs the magic of your enemies.
Potions cannot restore your health.


Message History

You barely miss the orc warrior. Your bite misses the orc warrior.
The orc warrior is severely wounded.
Your reaping aura expires.
The orc warrior hits you with a +0 dire flail!
* * * LOW HITPOINT WARNING * * *
Okay, then.
You closely miss the orc warrior. You bite the orc warrior!
You drain its power.
You feel invigorated.
The orc warrior is almost dead.
The orc warrior hits you with a +0 dire flail!
* * * LOW HITPOINT WARNING * * *
Uskayaw will force your foes to helplessly watch your dance.
Magic courses through your body. The orc warrior barely misses you.
Aiming: Line Pass
Press: ? - help, Dir - move target, p - orc warrior The orc warrior appears confused.
The orc appears confused. x2
The hornet zombie appears confused.
The orc barely misses the orc.
The orc hits the orc with a +0 falchion.
Casting: Agony (extremely dangerous; 14% risk of failure)
Confirm with . or Enter, or press ? or * to list all spells.
Aiming: Vampiric Draining (safe; 1% risk of failure)
Press: ? - help, Shift-Dir - straight line, f - orc
Aim: an orc, wielding a +0 dagger, wearing a +0 leather armour and quivering stones (heavily wounded)
You draw life force from the orc!
You kill the orc!
You feel life coursing into your body.
The hornet zombie seems less confused.
The hornet zombie hits you but does no damage.
The hornet zombie hits you!
* * * LOW HITPOINT WARNING * * *
The orc completely misses the orc.
The orc hits the orc with a +0 falchion!
The orc is killed!
The orc seems less confused.
The hornet zombie hits you!
* * * LOW HITPOINT WARNING * * *
You hit the hornet zombie. You bite the hornet zombie. You drain its power.
You feel invigorated.
The hornet zombie is lightly damaged.
The hornet zombie hits you!
You die...

##.#.#.........#.#
########..#.#.......###.#
....................>##.#
########.##.#........##.#
#.##.#........##.# #
#.##.#####.#..##.# ..
#.##...))..#..##.# ...
#.######...#..##.#### ....
#.##.Z@....#..##....###
.....#.##o#####.#...#.......
..........)o))o.#...##...###
............###.#...#.......
............# #######....###
............# #.......
..###........ยงยง #######. .
#.......### ...... #.......#
######


You could see an orc and a hornet zombie.

Vanquished Creatures
  A wraith (D:6)
  2 ogres (D:6)
  A phantom (D:6)
  A bullfrog (D:7)
  2 necrophages
  A scorpion (D:5)
  A jelly (D:5)
  2 orc priests
  3 hounds
  4 iguanas
  2 orc wizards
  6 gnolls
  3 adders
  7 dart slugs
  22 orcs
  9 ball pythons
  6 endoplasms
  3 giant cockroaches
  8 goblins
  9 hobgoblins
  11 jackals
  7 kobolds
  2 frilled lizards
  A rat (D:3)
114 creatures vanquished.

Vanquished Creatures (collateral kills)
  A giant cockroach (D:4)
  A jackal (D:2)
  A ball python (D:4)
  A bat (D:1)
  A frilled lizard (D:1)
  An orc zombie (D:7)
6 creatures vanquished.

Vanquished Creatures (others)
  A bullfrog zombie (D:7)
  4 gnoll zombies
  5 orc zombies
  3 plants
13 creatures vanquished.

Grand Total: 133 creatures vanquished

Notes
Turn   | Place    | Note
-------+----------+-------------------------------------------
     0 | D:1      | Ceno the Vine Stalker Necromancer began the quest for the
                  | Orb.
     0 | D:1      | Reached XP level 1. HP: 9/9 MP: 4/4
   156 | D:1      | Reached XP level 2. HP: 13/13 MP: 3/6
   354 | D:1      | Reached XP level 3. HP: 14/16 MP: 2/8
   424 | D:1      | Learned a level 3 spell: Vampiric Draining
   871 | D:2      | Reached skill level 5 in Necromancy
   894 | D:2      | Gained mutation: Your natural rate of healing is unusually
                  | fast. [Vine Stalker growth]
   894 | D:2      | Reached XP level 4. HP: 18/21 MP: 1/9
  1333 | D:3      | Found a stormy altar of Qazlal.
  1335 | D:3      | Noticed an air elemental
  1335 | D:3      | Noticed an earth elemental
  1336 | D:3      | Noticed a water elemental
  1336 | D:3      | Noticed a fire elemental
  1395 | D:3      | Found a burning altar of Makhleb.
  1891 | D:3      | Learned a level 4 spell: Animate Dead
  2537 | D:4      | Reached XP level 5. HP: 24/24 MP: 11/11
  2565 | D:4      | Found a glowing silver altar of Zin.
  2565 | D:4      | Noticed an angel
  2641 | D:4      | Noticed an ice beast
  2763 | D:4      | Found Ojonkim's Magic Scroll Shop.
  2885 | D:4      | Found a runed translucent door.
  2886 | D:4      | Noticed Crazy Yiuf
  3107 | D:4      | Reached skill level 6 in Necromancy
  3388 | D:5      | Entered Level 5 of the Dungeon
  3659 | D:5      | Reached XP level 6. HP: 18/28 MP: 4/13
  3680 | D:5      | Found a sacrificial altar of Ru.
  3778 | D:5      | Reached skill level 1 in Short Blades
  4144 | D:5      | Reached XP level 7. HP: 32/32 MP: 12/14
  4157 | D:5      | Learned a level 5 spell: Agony
  4531 | D:5      | Found a hide-covered altar of Uskayaw.
  4537 | D:5      | Became a worshipper of Uskayaw the Reveller
  4560 | D:5      | Reached * piety under Uskayaw
  4561 | D:5      | Reached ** piety under Uskayaw
  4840 | D:5      | Reached skill level 7 in Necromancy
  5508 | D:6      | Found a staircase to the Ecumenical Temple.
  5747 | D:6      | Noticed a wraith
  5941 | D:6      | Reached skill level 5 in Spellcasting
  5941 | D:6      | Gained mutation: You have razor-sharp teeth. [Vine Stalker
                  | growth]
  5941 | D:6      | Reached XP level 8. HP: 36/36 MP: 7/16
  6089 | D:6      | Reached *** piety under Uskayaw
  6090 | D:6      | Reached **** piety under Uskayaw
  6094 | D:6      | Killed a wraith
  6095 | D:6      | Reached skill level 8 in Necromancy
  6358 | Temple   | Entered the Ecumenical Temple
  6726 | D:7      | HP: 1/36 [orc warrior/+0 dire flail (9)]
  6733 | D:7      | Slain by a hornet zombie

Illustrated notes

Levels and vault maps discovered:
D:1:      sevenhm_arrival_forest_fort_large_2, layout_rooms,
          corexii_corridor_pit, minmay_misc_feat_x,
          amcnicky_mini_rare_corridor_liquid, minmay_shallow_snake_nest
D:2:      layout_basic
D:3:      layout_basic, mainiacjoe_overflow_cross_hatched,
          nicolae_qazlal_style_of_elements
D:4:      layout_loops_corners, zin_angel, serial_shops, shop,
          kennysheep_generic_room_3, uniq_crazy_yiuf_cottage
D:5:      layout_basic, hangedman_ru_absence, old_standard_altar
D:6:      layout_basic, minmay_temple_entry_overgrown, serial_bayou_crossing
D:7:      layout_basic, nzn_hepliaklqana_mist_gate, serial_undead,
          serial_undead_e, serial_undead_e, serial_undead_a, serial_undead_b,
          serial_undead_a, serial_undead_c, gammafunk_ghost_wrathful_warriors
Temple:   jpeg_temple_clearing

Skill      XL: |  1  2  3  4  5  6  7  8 |
---------------+-------------------------+-----
Spellcasting   | 3 4 5 |  5.5
Necromancy     | 5 6 7 8 |  8.4
Short Blades   | 1 2 3 |  3.4
Dodging        | |  1.5
Stealth        | |  2.4

Action                     |  1- 3 |  4- 6 |  7- 9 || total
---------------------------+-------+-------+-------++-------
  Melee: Unarmed           |    12 |       |       ||    12
         Bite              |     7 |    18 |    39 ||    64
         Dagger            |    10 |    40 |       ||    50
         Short sword       |       |    36 |   137 ||   173
         Punch             |       |     1 |     1 ||     2
  Throw: Stone             |       |     3 |       ||     3
         Dart              |       |     2 |     1 ||     3
   Cast: Necrotise         |    55 |    76 |    29 ||   160
         Vampiric Draining |       |     3 |    10 ||    13
         Animate Dead      |       |     2 |     6 ||     8
         Agony             |       |       |     2 ||     2
 Invoke: Line Pass         |       |       |     2 ||     2
  Evoke: Wand              |       |       |     4 ||     4
    Use: Scroll            |       |     1 |     7 ||     8
         Potion            |       |       |     1 ||     1
   Stab: Distracted        |     1 |       |     1 ||     2
         Sleeping          |       |     4 |     1 ||     5
         Paralysed         |       |       |     2 ||     2
 Armour: Robe              |     4 |     5 |       ||     9
         Leather armour    |       |    26 |    27 ||    53
  Dodge: Dodged            |    22 |    45 |    59 ||   126

Table legend: (Time is in decaauts)
 A = Elapsed time spent in this place.
 B = Non-inter-level travel time spent in this place.
 C = Inter-level travel time spent in this place.
 D = Time resting spent in this place.
 E = Time spent auto-exploring this place.
 F = Levels seen in this place.
 G = Mean time per level.
                   A        B        C        D        E       F      G
               +--------+--------+--------+--------+--------+-----+--------+
         Total |   6738 |   6248 |    490 |    149 |   3419 |   8 |  842.2 |
       Dungeon |   6629 |   6151 |    478 |    149 |   3336 |   7 |  947.0 |
        Temple |    108 |     96 |     12 |      0 |     83 |   1 |  108.0 |
               +--------+--------+--------+--------+--------+-----+--------+

Top non-repeatable levels by time:
     D:5: 1637 daAuts
     D:4: 1386 daAuts
     D:6: 1196 daAuts
     D:3: 882 daAuts
     D:1: 745 daAuts
     D:2: 541 daAuts
     D:7: 239 daAuts
  Temple: 108 daAuts
